General information
- name: BNet
- type: Ladder team game (AT/RT)
- host: Battle.net
- saver: JarlOfWhiterun
map: Cherryville
- players: 8
- length: 66:19
- speed: Fast
- version: 1.26 W3XP
- replay type: Public
» download(318 KB)
Players
team 1 (winner)
e92lighting.com (
pink | 70 APM | 3176 actions | 45:11)
7 Death Knight
3 Death Coil
3 Unholy Aura
1 Animate Dead
5 Lich
3 Frost Nova
2 Dark Ritual
» actions
| Assign group hotkey | 71 | |
| Basic commands | 370 | |
| Build / train | 86 | |
| ESC pressed | 1 | |
| Enter build submenu | 26 | |
| Enter hero's abilities submenu | 13 | |
| Give item / drop item | 5 | |
| Right click | 954 | |
| Select / deselect | 404 | |
| Select group hotkey | 1107 | |
| Use ability | 139 | |
3176 total
» units
| Acolyte | 9 | |
| Ghoul | 2 | |
| Crypt Fiend | 14 | |
| Obsidian Statue | 5 | |
30 total
» upgrades
| Creature Attack | 3 | |
| Creature Carapace | 3 | |
| Ghoul Frenzy | 1 | |
| Destroyer Form | 1 | |
| Web | 2 | |
10 total
» buildings
| Crypt | 4 | |
| Graveyard | 1 | |
| Ziggurat | 8 | |
| Altar of Darkness | 1 | |
| Tomb of Relics | 1 | |
| Nerubian Tower | 1 | |
| Halls of the Dead | 1 | |
| Spirit Tower | 7 | |
| Black Citadel | 1 | |
| Slaughterhouse | 3 | |
| Necropolis | 2 | |
30 total
» build order
00:28 Crypt
00:43 Graveyard
00:59 Ziggurat
01:10 Altar of Darkness
01:43 Ziggurat
02:10 Tomb of Relics
02:12 Nerubian Tower
04:33 Ziggurat
05:11 Halls of the Dead
07:02 Ziggurat
07:09 Spirit Tower
08:54 Black Citadel
08:59 Slaughterhouse
12:02 Necropolis
17:07 Ziggurat
17:09 Ziggurat
17:11 Crypt
17:31 Slaughterhouse
18:14 Spirit Tower
19:27 Crypt
20:15 Slaughterhouse
20:52 Ziggurat
21:09 Necropolis
22:16 Spirit Tower
22:18 Ziggurat
23:51 Spirit Tower
23:52 Spirit Tower
23:52 Spirit Tower
23:56 Crypt
24:56 Spirit Tower
» items
| Rod of Necromancy | 3 | |
| Orb of Corruption | 1 | |
| Potion of Healing | 4 | |
| Scroll of Healing | 4 | |
| Scroll of Town Portal | 7 | |
19 total
motasports (
orange | 23 APM | 1552 actions | 66:17)
5 Demon Hunter
2 Immolation
3 Evasion
3 Priestess of the Moon
2 Trueshot Aura
1 Searing Arrows
2 Keeper of the Grove
1 Thorns Aura
1 Entangling Roots
» actions
| Assign group hotkey | 15 | |
| Basic commands | 21 | |
| Build / train | 145 | |
| ESC pressed | 1 | |
| Enter build submenu | 61 | |
| Enter hero's abilities submenu | 11 | |
| Remove unit from queue | 5 | |
| Right click | 478 | |
| Select / deselect | 561 | |
| Select group hotkey | 109 | |
| Use ability | 145 | |
1552 total
» units
| Wisp | 73 | |
| Archer | 6 | |
| Chimaera | 5 | |
| Hippogryph | 15 | |
| Druid of the Claw | 2 | |
| Dryad | 3 | |
104 total
» upgrades
| Strength of the Wild | 3 | |
| Ultravision | 1 | |
| Reinforced Hides | 4 | |
| Well Spring | 1 | |
| Corrosive Breath | 1 | |
| Abolish Magic | 1 | |
| Druid of the Claw Training | 2 | |
| Mark of the Claw | 1 | |
14 total
» buildings
| Moon Well | 21 | |
| Altar of Elders | 5 | |
| Ancient of War | 1 | |
| Hunter's Hall | 4 | |
| Tree of Ages | 3 | |
| Tree of Eternity | 2 | |
| Tree of Life | 11 | |
| Ancient of Wind | 3 | |
| Chimaera Roost | 9 | |
| Ancient of Wonders | 2 | |
| Ancient of Lore | 2 | |
63 total
» build order
00:23 Moon Well
00:36 Altar of Elders
01:19 Moon Well
01:44 Ancient of War
02:05 Moon Well
02:15 Hunter's Hall
03:07 Tree of Ages
03:54 Moon Well
05:34 Tree of Eternity
05:49 Moon Well
06:03 Tree of Life
06:27 Ancient of Wind
06:53 Moon Well
10:12 Chimaera Roost
10:14 Chimaera Roost
10:15 Chimaera Roost
11:05 Tree of Life
11:15 Chimaera Roost
11:19 Chimaera Roost
11:21 Chimaera Roost
12:00 Ancient of Wonders
16:28 Chimaera Roost
16:30 Chimaera Roost
16:40 Chimaera Roost
20:02 Tree of Life
20:34 Tree of Life
20:48 Altar of Elders
21:08 Moon Well
21:26 Moon Well
22:52 Tree of Life
26:44 Tree of Ages
26:55 Moon Well
26:58 Moon Well
27:53 Moon Well
29:45 Tree of Eternity
29:49 Hunter's Hall
31:12 Ancient of Wonders
31:19 Tree of Life
32:15 Ancient of Lore
32:16 Ancient of Lore
32:24 Moon Well
35:42 Moon Well
35:46 Moon Well
37:39 Hunter's Hall
37:43 Moon Well
37:44 Moon Well
37:46 Altar of Elders
38:34 Tree of Ages
39:29 Tree of Life
44:01 Tree of Life
47:57 Tree of Ages
48:05 Altar of Elders
49:30 Tree of Life
50:23 Ancient of Wind
50:24 Ancient of Wind
52:04 Moon Well
53:24 Tree of Life
54:10 Moon Well
56:33 Moon Well
56:34 Altar of Elders
56:36 Hunter's Hall
56:39 Moon Well
56:41 Moon Well
57:03 Tree of Life
» items
| Scroll of Town Portal | 1 | |
| Orb of Venom | 1 | |
| Potion of Healing | 1 | |
3 total
laps-now-dolaps (
green | 58 APM | 3841 actions | 66:19)
7 Dark Ranger
3 Black Arrow
3 Silence
1 Charm
» actions
| Assign group hotkey | 57 | |
| Basic commands | 243 | |
| Build / train | 92 | |
| Enter build submenu | 35 | |
| Enter hero's abilities submenu | 10 | |
| Give item / drop item | 4 | |
| Remove unit from queue | 1 | |
| Right click | 1508 | |
| Select / deselect | 414 | |
| Select group hotkey | 1272 | |
| Use ability | 205 | |
3841 total
» units
| Peon | 21 | |
| Grunt | 3 | |
| Goblin Shredder | 1 | |
| Wind Rider | 9 | |
| Goblin Sapper | 8 | |
| Acolyte | 5 | |
47 total
» upgrades
| Ranged Weapons | 3 | |
| Armor | 3 | |
| Ensnare | 1 | |
| Reinforced Defenses | 1 | |
| Envenomed Spears | 1 | |
9 total
» buildings
| Altar of Storms | 1 | |
| Orc Burrow | 7 | |
| Barracks | 1 | |
| Voodoo Lounge | 2 | |
| Stronghold | 5 | |
| Great Hall | 3 | |
| War Mill | 2 | |
| Watch Tower | 67 | |
| Beastiary | 4 | |
| Fortress | 2 | |
| Necropolis | 1 | |
95 total
» build order
00:09 Altar of Storms
00:19 Orc Burrow
00:36 Barracks
01:25 Orc Burrow
01:56 Voodoo Lounge
02:59 Stronghold
02:59 Stronghold
03:00 Stronghold
03:00 Stronghold
04:20 Great Hall
04:29 War Mill
05:08 Orc Burrow
06:23 Watch Tower
06:23 Watch Tower
06:24 Watch Tower
06:24 Watch Tower
06:26 Watch Tower
06:26 Watch Tower
06:27 Watch Tower
08:30 Beastiary
08:30 Beastiary
08:43 Watch Tower
08:43 Watch Tower
08:44 Watch Tower
08:54 Watch Tower
08:54 Watch Tower
08:54 Watch Tower
08:55 Watch Tower
10:37 Fortress
11:24 Watch Tower
11:24 Watch Tower
11:37 Beastiary
11:37 Beastiary
11:39 Orc Burrow
11:40 Orc Burrow
11:40 Orc Burrow
12:23 Orc Burrow
13:51 Stronghold
17:00 Watch Tower
17:00 Watch Tower
17:00 Watch Tower
17:00 Watch Tower
17:02 Watch Tower
17:03 Watch Tower
17:04 Watch Tower
17:05 Watch Tower
17:06 Watch Tower
17:06 Watch Tower
19:29 Watch Tower
19:29 Watch Tower
19:30 Watch Tower
20:26 Great Hall
20:34 Watch Tower
20:34 Watch Tower
21:02 Watch Tower
21:02 Watch Tower
21:03 Watch Tower
21:03 Watch Tower
21:03 Watch Tower
22:29 Watch Tower
22:29 Watch Tower
24:50 Watch Tower
24:50 Watch Tower
24:51 Watch Tower
24:52 Watch Tower
24:53 Watch Tower
24:53 Watch Tower
24:53 Watch Tower
24:54 Watch Tower
24:55 Watch Tower
24:55 Watch Tower
26:09 Voodoo Lounge
26:12 Watch Tower
26:12 Watch Tower
26:16 Watch Tower
26:17 Watch Tower
26:22 Watch Tower
26:24 Watch Tower
26:27 Watch Tower
27:51 Watch Tower
27:52 Watch Tower
29:52 Great Hall
30:41 Watch Tower
30:41 Watch Tower
30:42 Watch Tower
30:42 Watch Tower
30:42 Watch Tower
30:43 Watch Tower
34:17 Necropolis
56:48 War Mill
» items
| Healing Salve | 3 | |
| Scroll of Town Portal | 8 | |
| Potion of Lesser Invulnerability | 1 | |
| Scroll of Healing | 1 | |
| Orb of Corruption | 1 | |
| Staff of Teleportation | 1 | |
15 total

»
Real.Madrid.FC (
red | 21 APM | 905 actions | 42:44)
7 Mountain King
3 Storm Bolt
3 Bash
1 Avatar
» actions
| Basic commands | 11 | |
| Build / train | 71 | |
| ESC pressed | 3 | |
| Enter build submenu | 24 | |
| Enter hero's abilities submenu | 7 | |
| Give item / drop item | 1 | |
| Right click | 419 | |
| Select / deselect | 319 | |
| Use ability | 50 | |
905 total
» units
| Peasant | 11 | |
| Footman | 9 | |
| Spell Breaker | 9 | |
| Priest | 6 | |
| Sorceress | 7 | |
| Knight | 9 | |
51 total
» upgrades
| Swords | 2 | |
| Sorceress Training | 2 | |
| Priest Training | 2 | |
| Plating | 2 | |
8 total
» buildings
| Farm | 14 | |
| Altar of Kings | 1 | |
| Barracks | 1 | |
| Keep | 1 | |
| Arcane Vault | 1 | |
| Lumber Mill | 2 | |
| Blacksmith | 1 | |
| Castle | 1 | |
| Arcane Sanctum | 3 | |
25 total
» build order
00:30 Farm
00:38 Altar of Kings
00:52 Barracks
01:10 Farm
02:01 Farm
02:53 Keep
03:03 Farm
03:09 Arcane Vault
03:40 Farm
04:10 Lumber Mill
04:15 Blacksmith
04:19 Lumber Mill
04:31 Farm
05:16 Castle
05:19 Farm
05:57 Arcane Sanctum
06:00 Arcane Sanctum
06:05 Arcane Sanctum
08:56 Farm
08:58 Farm
09:00 Farm
10:32 Farm
10:35 Farm
11:35 Farm
11:39 Farm
» items
| Scroll of Town Portal | 1 | |
| Orb of Lightning | 1 | |
2 total
team 2 (loser)

»
Old_Trafford (
teal | 32 APM | 1044 actions | 32:49)
4 Death Knight
2 Death Coil
2 Unholy Aura
3 Lich
2 Frost Nova
1 Frost Armor
» actions
| Basic commands | 482 | |
| Build / train | 57 | |
| ESC pressed | 8 | |
| Enter build submenu | 30 | |
| Enter hero's abilities submenu | 7 | |
| Right click | 1 | |
| Select / deselect | 378 | |
| Use ability | 81 | |
1044 total
» units
| Acolyte | 2 | |
| Ghoul | 3 | |
| Crypt Fiend | 20 | |
25 total
» upgrades
| Creature Attack | 3 | |
| Creature Carapace | 2 | |
| Web | 1 | |
| Burrow | 1 | |
7 total
» buildings
| Crypt | 2 | |
| Altar of Darkness | 2 | |
| Ziggurat | 16 | |
| Graveyard | 1 | |
| Nerubian Tower | 8 | |
| Halls of the Dead | 1 | |
| Spirit Tower | 4 | |
| Tomb of Relics | 1 | |
| Black Citadel | 1 | |
| Necropolis | 3 | |
39 total
» build order
00:17 Crypt
00:21 Altar of Darkness
00:37 Ziggurat
01:00 Graveyard
01:34 Nerubian Tower
02:04 Ziggurat
02:42 Ziggurat
03:32 Nerubian Tower
05:28 Halls of the Dead
05:33 Ziggurat
05:35 Spirit Tower
05:53 Ziggurat
07:11 Spirit Tower
07:17 Ziggurat
08:57 Tomb of Relics
09:19 Spirit Tower
11:30 Black Citadel
14:02 Spirit Tower
18:31 Ziggurat
19:38 Necropolis
20:25 Necropolis
20:42 Necropolis
23:05 Ziggurat
24:59 Ziggurat
25:01 Nerubian Tower
25:59 Ziggurat
26:03 Ziggurat
26:41 Altar of Darkness
26:54 Nerubian Tower
27:48 Nerubian Tower
27:53 Ziggurat
28:56 Crypt
29:02 Nerubian Tower
29:07 Ziggurat
29:12 Ziggurat
30:20 Nerubian Tower
30:24 Ziggurat
30:27 Ziggurat
32:30 Nerubian Tower
» items
| Potion of Healing | 1 | |
| Scroll of Town Portal | 1 | |
2 total

»
Weed.Archer (
yellow | 13 APM | 850 actions | 66:19)
5 Dreadlord
3 Vampiric Aura
2 Carrion Swarm
2 Tauren Chieftain
1 Reincarnation
1 War Stomp
» actions
| Assign group hotkey | 12 | |
| Basic commands | 56 | |
| Build / train | 59 | |
| ESC pressed | 1 | |
| Enter build submenu | 32 | |
| Enter hero's abilities submenu | 7 | |
| Right click | 347 | |
| Select / deselect | 241 | |
| Select group hotkey | 11 | |
| Use ability | 84 | |
850 total
» units
| Acolyte | 7 | |
| Ghoul | 11 | |
| Abomination | 16 | |
34 total
» upgrades
| Disease Cloud | 1 | |
| Unholy Strength | 3 | |
| Unholy Armor | 3 | |
| Cannibalize | 1 | |
8 total
» buildings
| Crypt | 1 | |
| Ziggurat | 15 | |
| Altar of Darkness | 1 | |
| Graveyard | 3 | |
| Halls of the Dead | 2 | |
| Black Citadel | 1 | |
| Slaughterhouse | 3 | |
| Necropolis | 1 | |
| Nerubian Tower | 2 | |
| Spirit Tower | 4 | |
| Tomb of Relics | 2 | |
35 total
» build order
00:17 Crypt
00:26 Ziggurat
00:46 Altar of Darkness
01:02 Ziggurat
02:00 Graveyard
02:04 Graveyard
02:46 Halls of the Dead
05:25 Black Citadel
05:49 Slaughterhouse
05:52 Slaughterhouse
05:57 Necropolis
06:05 Slaughterhouse
07:41 Ziggurat
07:47 Ziggurat
07:52 Ziggurat
08:18 Ziggurat
08:39 Nerubian Tower
08:41 Spirit Tower
09:18 Spirit Tower
12:33 Ziggurat
20:01 Spirit Tower
20:03 Ziggurat
20:06 Ziggurat
20:11 Ziggurat
20:13 Ziggurat
20:16 Ziggurat
20:17 Ziggurat
20:45 Tomb of Relics
22:20 Spirit Tower
23:19 Nerubian Tower
23:23 Tomb of Relics
23:26 Graveyard
23:33 Ziggurat
23:36 Ziggurat
23:39 Halls of the Dead
JarlOfWhiterun (
blue | 76 APM | 5057 actions | 66:19)
10 Blademaster
3 Wind Walk
3 Critical Strike
1 Bladestorm
3 Mirror Image
» actions
| Assign group hotkey | 37 | |
| Basic commands | 276 | |
| Build / train | 119 | |
| ESC pressed | 1 | |
| Enter build submenu | 62 | |
| Enter hero's abilities submenu | 10 | |
| Give item / drop item | 28 | |
| Right click | 2270 | |
| Select / deselect | 744 | |
| Select group hotkey | 1336 | |
| Use ability | 172 | |
5057 total
» units
| Peon | 21 | |
| Grunt | 8 | |
| Wind Rider | 12 | |
| Goblin Shredder | 1 | |
42 total
» upgrades
| Armor | 3 | |
| Pillage | 1 | |
| Berserker Strength | 1 | |
| Ranged Weapons | 4 | |
| Backpack | 1 | |
| Reinforced Defenses | 1 | |
| Envenomed Spears | 1 | |
| Spiked Barricades | 4 | |
| Melee Weapons | 3 | |
| Ensnare | 1 | |
| Liquid Fire | 1 | |
| War Drums Damage Increase | 1 | |
| Troll Regeneration | 1 | |
| Berserker Upgrade | 1 | |
| Burning Oil | 1 | |
| Spirit Walker Training | 3 | |
| Shaman Training | 2 | |
| Witch Doctor Training | 2 | |
32 total
» buildings
| Altar of Storms | 1 | |
| Orc Burrow | 7 | |
| Barracks | 1 | |
| Voodoo Lounge | 1 | |
| War Mill | 2 | |
| Great Hall | 3 | |
| Watch Tower | 32 | |
| Stronghold | 1 | |
| Beastiary | 3 | |
| Fortress | 1 | |
| Spirit Lodge | 3 | |
55 total
» build order
00:04 Altar of Storms
00:07 Orc Burrow
00:09 Orc Burrow
00:20 Barracks
01:29 Orc Burrow
02:16 Voodoo Lounge
03:01 Orc Burrow
04:17 War Mill
04:57 Great Hall
05:30 Watch Tower
06:11 Stronghold
06:36 Watch Tower
07:33 Watch Tower
08:11 Watch Tower
08:13 Watch Tower
09:22 Beastiary
09:28 Beastiary
09:32 Beastiary
09:35 Fortress
11:12 Orc Burrow
11:15 Orc Burrow
12:04 Watch Tower
12:13 Watch Tower
12:21 Watch Tower
12:25 Watch Tower
13:05 Orc Burrow
19:34 Watch Tower
19:36 Watch Tower
19:39 Watch Tower
20:32 Watch Tower
20:33 Watch Tower
22:18 Watch Tower
23:16 Watch Tower
24:21 Great Hall
24:30 Watch Tower
24:31 Watch Tower
24:33 Watch Tower
24:35 Watch Tower
24:55 Watch Tower
25:00 Watch Tower
25:03 Watch Tower
26:44 Watch Tower
26:45 Watch Tower
30:50 Watch Tower
37:13 Great Hall
37:31 Watch Tower
37:32 Watch Tower
37:33 Watch Tower
37:34 Watch Tower
42:39 Spirit Lodge
42:44 Spirit Lodge
42:47 Spirit Lodge
50:54 War Mill
52:15 Watch Tower
52:57 Watch Tower
» items
| Healing Salve | 11 | |
| Boots of Speed | 1 | |
| Staff of Teleportation | 1 | |
| Lesser Clarity Potion | 8 | |
| Scroll of Speed | 2 | |
| Scroll of Town Portal | 5 | |
| Orb of Lightning | 2 | |
| Periapt of Vitality | 1 | |
31 total
KMITL (
purple | 37 APM | 684 actions | 18:41)
5 Tauren Chieftain
2 War Stomp
3 Endurance Aura
» actions
| Basic commands | 2 | |
| Build / train | 69 | |
| Enter build submenu | 21 | |
| Enter hero's abilities submenu | 5 | |
| Give item / drop item | 4 | |
| Remove unit from queue | 1 | |
| Right click | 316 | |
| Select / deselect | 204 | |
| Use ability | 62 | |
684 total
» units
| Peon | 18 | |
| Grunt | 5 | |
| Troll Witch Doctor | 4 | |
| Tauren | 7 | |
| Shaman | 4 | |
38 total
» upgrades
| Melee Weapons | 1 | |
| Armor | 1 | |
| Shaman Training | 2 | |
| Witch Doctor Training | 2 | |
| Reinforced Defenses | 1 | |
| Pulverize | 1 | |
8 total
» buildings
| Altar of Storms | 1 | |
| Orc Burrow | 6 | |
| Barracks | 1 | |
| Voodoo Lounge | 4 | |
| Great Hall | 1 | |
| Stronghold | 1 | |
| War Mill | 1 | |
| Fortress | 1 | |
| Spirit Lodge | 2 | |
| Watch Tower | 2 | |
| Tauren Totem | 3 | |
23 total
» build order
00:13 Altar of Storms
00:15 Orc Burrow
01:23 Barracks
01:33 Orc Burrow
01:40 Voodoo Lounge
02:00 Orc Burrow
05:29 Great Hall
05:43 Stronghold
05:55 War Mill
08:27 Fortress
08:31 Voodoo Lounge
08:53 Spirit Lodge
08:56 Spirit Lodge
10:22 Watch Tower
10:25 Watch Tower
11:10 Tauren Totem
11:13 Tauren Totem
11:16 Tauren Totem
11:37 Voodoo Lounge
11:53 Orc Burrow
13:13 Orc Burrow
15:18 Voodoo Lounge
17:27 Orc Burrow
» items
| Healing Salve | 2 | |
| Lesser Clarity Potion | 2 | |
| Potion of Lesser Invulnerability | 2 | |
| Scroll of Town Portal | 3 | |
| Boots of Speed | 1 | |
| Scroll of Protection | 1 | |
| Orb of Lightning | 1 | |
| Potion of Mana | 1 | |
| Potion of Healing | 1 | |
14 total
Chat log
(00:52 / Allies) Old_Trafford: fiends
(00:58 / Allies) JarlOfWhiterun: air, you guys get ground
(01:13 / All) laps-now-dolaps: skyrim sucks , morrowind pwn it
(01:18 / All) JarlOfWhiterun: Agreed
(01:24 / All) e92lighting.com: same wtf
(04:36 / Allies) JarlOfWhiterun: go away
(04:45 / Allies) Old_Trafford: expo
(04:50 / Allies) JarlOfWhiterun: yes it's mine
(04:55 / Allies) Old_Trafford: i know
(05:01 / Allies) JarlOfWhiterun: don't leech or i backstab
(05:10 / Allies) Old_Trafford: team work
(05:35 / Allies) Weed.Archer: am i supose to get air or ground?
(05:38 / Allies) JarlOfWhiterun: ground
(05:40 / Allies) JarlOfWhiterun: i got air covered
(05:46 / Allies) Weed.Archer: k thats what i thought
(09:48 / All) JarlOfWhiterun: gtfo lagging faggot
(11:30 / Allies) Weed.Archer: im bout ready to fuck someone up
(11:41 / Allies) Old_Trafford: ready?
(12:23 / Allies) Weed.Archer: where we meeting?
(12:32 / Allies) Old_Trafford: his teching
(12:44 / Allies) Old_Trafford: quick
(13:16 / Allies) Weed.Archer: blue where is all ur air?
(13:23 / Allies) JarlOfWhiterun: omw
(13:31 / Allies) Old_Trafford: gogogo
(14:46 / Allies) Old_Trafford: b
(15:03 / Allies) Weed.Archer: well the meele was there..
(15:14 / Allies) Old_Trafford: go purp
(15:20 / Allies) Old_Trafford: split them
(15:31 / Allies) Weed.Archer: blue spend that cash man
(17:51 / Allies) Old_Trafford: quick
(18:41 / Allies) JarlOfWhiterun: we got this
(21:03 / Allies) Weed.Archer: teal ur dk
(22:05 / Allies) Old_Trafford: tp next base ok?
(22:16 / All) Weed.Archer: gg
(23:24 / All) JarlOfWhiterun: lol pink
(23:36 / All) JarlOfWhiterun: you just lost an expo to 1 peon
(24:02 / Allies) JarlOfWhiterun: hit here
(24:04 / Allies) JarlOfWhiterun: check expos
(24:27 / Allies) Old_Trafford: tp to blue ok?
(25:13 / Allies) Old_Trafford: tp
(26:01 / Allies) Weed.Archer: need siege..
(26:22 / Allies) Old_Trafford: blue!
(26:25 / Allies) JarlOfWhiterun: ?
(26:31 / Allies) Old_Trafford: you killed me!
(26:36 / Allies) JarlOfWhiterun: ?
(26:37 / Allies) JarlOfWhiterun: huh
(26:49 / Allies) Old_Trafford: that was my fucking hero
(26:52 / Allies) JarlOfWhiterun: what was
(28:06 / All) Weed.Archer: just leave its so over
(28:10 / All) e92lighting.com: stfu
(28:12 / All) Weed.Archer: we have 4 expos
(28:15 / Allies) Old_Trafford: blues killinh us
(28:41 / Allies) Old_Trafford: yopur a noob blue
(29:43 / All) laps-now-dolaps: u guys suck lawl!
(30:00 / All) Weed.Archer: yea sure mr tower up base like noob
(30:08 / Allies) Old_Trafford: why blue?
(30:09 / All) Weed.Archer: just to draw out getting ur ass kicked
(30:15 / All) laps-now-dolaps: oh is ee
(30:20 / Allies) JarlOfWhiterun: why what?
(31:18 / All) laps-now-dolaps: u suck blue we'll rape u
(32:03 / Allies) Old_Trafford: suck shit
(33:32 / All) e92lighting.com: purp still got gold mine
(37:18 / All) laps-now-dolaps: oh sorry
(37:19 / All) laps-now-dolaps: oops
(38:02 / All) laps-now-dolaps: lawl
(38:10 / All) laps-now-dolaps: pink said something bad about my mother
(38:23 / All) JarlOfWhiterun: What did he say?
(38:36 / All) laps-now-dolaps: shes the daughter of a prostitute
(39:08 / All) laps-now-dolaps: is this a duel
(39:09 / All) laps-now-dolaps: pink
(39:11 / All) laps-now-dolaps: are u dueling me
(39:13 / All) laps-now-dolaps: your savior
(39:14 / All) laps-now-dolaps: and lord
(39:25 / All) laps-now-dolaps: u do as i say pink
(39:33 / All) laps-now-dolaps: i have 10k gold u couldn eat me if u wanted
(40:23 / All) laps-now-dolaps: apologize pink
(40:25 / All) laps-now-dolaps: apologize now
(40:27 / All) e92lighting.com: fuck u
(40:30 / All) laps-now-dolaps: and ill let you breathe fresh air
(40:38 / All) JarlOfWhiterun: pink is terrible at this game
(40:52 / All) e92lighting.com: FUCK U FAGGOT GOOK
(41:35 / All) laps-now-dolaps: pink
(41:37 / All) laps-now-dolaps: apologize
(41:41 / All) laps-now-dolaps: u monster
(41:54 / All) laps-now-dolaps: must be so humiliating for u
(41:55 / All) laps-now-dolaps: pink
(41:57 / All) laps-now-dolaps: to be so close
(41:58 / All) laps-now-dolaps: yet so far
(42:05 / All) laps-now-dolaps: there u go
(42:07 / All) laps-now-dolaps: 1k gold
(44:09 / All) laps-now-dolaps: ooops
(44:11 / All) laps-now-dolaps: rez ur hero
(44:11 / All) laps-now-dolaps: oj
(44:13 / All) laps-now-dolaps: at tavern
(45:26 / All) JarlOfWhiterun: Yellow is AFK but orange is still here too
(45:30 / All) laps-now-dolaps: yea
(45:44 / All) laps-now-dolaps: was oj cocky
(45:49 / All) JarlOfWhiterun: you mean yellow?
(45:50 / All) laps-now-dolaps: i mean yellow
(45:57 / All) JarlOfWhiterun: not really
(46:00 / All) JarlOfWhiterun: but I may have missed it
(46:18 / All) laps-now-dolaps: any preference on who gets the losss
(46:28 / All) JarlOfWhiterun: Either team can
(46:30 / All) JarlOfWhiterun: doesn't matter
(46:45 / All) JarlOfWhiterun: I only have antipathy to my team
(46:50 / All) laps-now-dolaps: i say yellow if u scroll up he did talk shit to us
(46:51 / All) JarlOfWhiterun: They were not as ragey as usual
(46:52 / All) laps-now-dolaps: antipathy?
(46:58 / All) JarlOfWhiterun: Yes
(47:30 / All) laps-now-dolaps: so yellow loses?
(47:37 / All) JarlOfWhiterun: I suppose
(47:44 / All) laps-now-dolaps: orange was nice but sucked
(48:50 / All) laps-now-dolaps: god i cant stats pink
(49:04 / All) JarlOfWhiterun: Only goes up to .co no idea why
(49:06 / All) JarlOfWhiterun: I tried earlier
(49:19 / All) laps-now-dolaps: i reemmber statings him a week ago
(49:30 / All) laps-now-dolaps: oh
(49:42 / All) laps-now-dolaps: damn
(49:46 / All) JarlOfWhiterun: ?
(49:48 / All) laps-now-dolaps: him and yellow are top ell people
(49:59 / All) JarlOfWhiterun: They sucked though
(50:06 / All) JarlOfWhiterun: Yellow was mass abom, that is the most amove you can get
(50:18 / All) JarlOfWhiterun: wait, 2 people are here
(50:19 / All) JarlOfWhiterun: standoff
(50:20 / All) laps-now-dolaps: yes i just tped in the back of pinks base and killed them off one by one
(50:34 / All) laps-now-dolaps: let me talk to orange
(51:35 / All) JarlOfWhiterun: Yellow are you here?
(51:43 / All) JarlOfWhiterun: definitely do a standoff
(52:01 / All) laps-now-dolaps: i suppose
(52:08 / All) laps-now-dolaps: oj wont stay
(52:10 / All) JarlOfWhiterun: No reason not to
(53:20 / All) JarlOfWhiterun: hurry up, finish this standoff
(54:16 / All) laps-now-dolaps: he actually still has shit
(54:39 / All) JarlOfWhiterun: Build a war mill
(54:40 / All) JarlOfWhiterun: top mid
(54:41 / All) JarlOfWhiterun: near river
(54:43 / All) JarlOfWhiterun: next to mine
(55:07 / All) laps-now-dolaps: oj is such a homo
(55:10 / All) laps-now-dolaps: tried to sneak hippos
(55:23 / All) JarlOfWhiterun: They couldn't hit ground buildings anyway
(55:42 / All) laps-now-dolaps: not the point he had heros and income too forgot i fed him
(56:17 / All) JarlOfWhiterun: other side
(56:21 / All) JarlOfWhiterun: follow me
(56:33 / All) laps-now-dolaps: this guy
(56:34 / All) laps-now-dolaps: wont give up
(56:42 / All) JarlOfWhiterun: right there
(57:05 / All) JarlOfWhiterun: I got towers below that so you can sacrifice any last units
(57:49 / All) motasports: GG
(57:54 / All) JarlOfWhiterun: Not over yet orange
(57:59 / All) JarlOfWhiterun: You have an equal chance of winning
(59:13 / All) JarlOfWhiterun: My side of the standoff is complete, I have nothing. 0 food on my entire team
(59:21 / All) laps-now-dolaps: k
(61:37 / All) JarlOfWhiterun: almost done?
(61:46 / All) laps-now-dolaps: yes
(61:52 / All) laps-now-dolaps: wyverns dieing now
(61:57 / All) laps-now-dolaps: is ur bm dead
(61:57 / All) JarlOfWhiterun: k gj
(62:00 / All) JarlOfWhiterun: yes
(62:11 / All) laps-now-dolaps: ok stnadoff complete
(62:16 / All) JarlOfWhiterun: LET IT BEGIN, LET IT BEGIN
(62:17 / All) laps-now-dolaps: good luck orange and yellow
(62:19 / All) JarlOfWhiterun: Good luck, gentlemen
(62:25 / All) laps-now-dolaps: best computer wins
(66:18 / All) JarlOfWhiterun: glhf